 Dungeon Crawl Stone Soup version 0.21.1-1-g345015fe64 (webtiles) character file.

4297 RUZZLEFAZAZZLE the Blocker (level 10, -1/82 HPs)
             Began as a Gnoll Fighter on Feb 9, 2018.
             Was a Believer of Okawaru.
             Slain by a wolf (7 damage)
             ... led by Grum
             ... on level 9 of the Dungeon.
             The game lasted 00:25:01 (9183 turns).

RUZZLEFAZAZZLE the Blocker (Gnoll Fighter)          Turns: 9183, Time: 00:25:02

Health: -1/82      AC: 18    Str: 19 (22) XL:     10   Next: 32%
Magic:  17/17      EV: 12    Int: 10 (11) God:    Okawaru [**....]
Gold:   510        SH: 12    Dex: 18 (19) Spells: 19/19 levels left

rFire    . . .     SeeInvis .   a - +1 war axe
rCold    . . .     Gourm    .   c - +0 shield
rNeg     . . .     Faith    +   v - +0 plate armour
rPois    .         Spirit   .   u - +2 helmet
rElec    +         Reflect  .   k - scarf {repulsion}
rCorr    .         Harm     .   (no gloves)
MR       +....                  g - +0 pair of boots
Stlth    ..........             y - amulet of faith
HPRegen  0.23/turn              p - ring of protection from magic
MPRegen  0.15/turn              (no ring)

@: agile, repel missiles
A: distributed training, fangs 1, blurry vision 1, sense surroundings 1,
electricity resistance, strong nose
a: Heroism, Renounce Religion


You were on level 9 of the Dungeon.
You worshipped Okawaru.
Okawaru was pleased with you.
You were hungry.

You visited 2 branches of the dungeon, and saw 10 of its levels.

You collected 510 gold pieces.

Inventory:

Hand Weapons
 a - a +1 war axe (weapon)
Missiles
 E - a poisoned tomahawk (quivered)
Armour
 c - a +0 shield (worn)
 g - a +0 pair of boots (worn)
 k - a scarf of repulsion (worn)
 s - a +2 ring mail of cold resistance
 u - a +2 helmet (worn)
 v - a +0 plate armour (worn)
Jewellery
 p - a ring of protection from magic (left hand)
 t - an uncursed amulet of magic regeneration
 y - an amulet of faith (around neck)
 C - an uncursed ring of see invisible {unknown}
Wands
 i - a wand of digging (9)
 x - a wand of flame (17)
 G - a wand of clouds (5)
 I - a wand of iceblast (6)
Scrolls
 b - 2 scrolls of enchant armour
 h - 2 scrolls of enchant weapon
 j - a scroll of fear
 l - a scroll of amnesia
 m - 4 scrolls of teleportation
 n - 2 scrolls of immolation
 o - a scroll of torment {unknown}
 q - 4 scrolls of fog
 r - 3 scrolls of remove curse
 F - a scroll of identify
Potions
 d - 2 potions of invisibility
 e - 2 potions of flight
 w - 2 potions of curing
 z - 2 potions of might
 A - a potion of brilliance
 B - a potion of cancellation
 D - 2 potions of agility
Comestibles
 f - 11 rations


   Skills:
 + Level 8.4 Fighting
 + Level 5.1 Short Blades
 + Level 5.1 Long Blades
 + Level 6.9 Axes
 + Level 5.1 Maces & Flails
 + Level 5.1 Polearms
 + Level 5.1 Staves
 + Level 5.1 Slings
 + Level 5.1 Bows
 + Level 5.1 Crossbows
 + Level 5.1 Throwing
 + Level 8.4 Armour
 + Level 5.1 Dodging
 + Level 5.1 Stealth
 + Level 8.4 Shields
 + Level 5.1 Unarmed Combat
 + Level 5.1 Spellcasting
 + Level 4.2 Conjurations
 + Level 4.2 Hexes
 + Level 4.2 Charms
 + Level 4.2 Summonings
 + Level 4.2 Necromancy
 + Level 4.2 Translocations
 + Level 4.2 Transmutations
 + Level 4.2 Fire Magic
 + Level 4.2 Ice Magic
 + Level 4.2 Air Magic
 + Level 4.2 Earth Magic
 + Level 4.2 Poison Magic
 + Level 5.6 Invocations
 + Level 5.1 Evocations


You had 19 spell levels left.
You didn't know any spells.

Dungeon Overview and Level Annotations

Branches:
Dungeon (9/15)             Temple (1/1) D:7            Lair (0/6) D:9
    Orc: D:9-12

Altars:
Ashenzari
Cheibriados
Dithmenos
Elyvilon
Fedhas
Gozag
Hepliaklqana
Kikubaaqudgha
Makhleb
Nemelex Xobeh
Okawaru
Qazlal
Ru
Sif Muna
Trog
Uskayaw
Vehumet
Wu Jian
Xom
Yredelemnul
Zin
The Shining One


Innate Abilities, Weirdness & Mutations

Your experience applies equally to all skills.
You have very sharp teeth.
Your uncanny sense of smell can sniff out nearby items.
Scrolls take you a little longer to read.
You passively map a small area around you.
You are resistant to electric shocks. (rElec)


Message History

You miss the wolf.
The wolf is lightly wounded.
You barely miss the wolf. You block the wolf's attack.
The wolf barely misses you. x2; You block the wolf's attack.
Your plate armour prevents you from hitting the wolf.
The wolf is lightly wounded.
You barely miss the wolf. You block the wolf's attack. The wolf bites you.
* * * LOW HITPOINT WARNING * * *
The wolf bites you.
* * * LOW HITPOINT WARNING * * *
The wolf barely misses you.
It was a potion of agility.
You feel agile all of a sudden. The wolf closely misses you.
The wolf bites you but does no damage. You block the wolf's attack.
It was a potion of degeneration.
There was something very wrong with that liquid.
You feel weakened.
You feel dopey.
You feel clumsy.
You block the wolf's attack. x2; The wolf bites you!
You die...

'....#..#..'...#.......#.........
#....#..#..#...#.......#.........
#....#..#..####################..
...............'...# ,#...#......
...............#...# .#...#......
...............#####..#...#......
...............#......#...####...
...............#hh....#...#..'...
...............#@##, #...#..#...
...............#..# , #'###..##..
...............#..# , #..#.......
...............#..#####..#.......
...............#..#...'..#.......
...............#..#...#####..####
...............#..#..>#..........
.....>.........#..##.............
.....>.........#.................


You could see 2 wolves.

Vanquished Creatures
  A hippogriff (D:8)
  A spriggan (D:7)
  Sigmund (D:3)
  Grum (D:9)
  Eustachio (D:4)
  2 ice beasts
  The ghost of RUZZLEFAZAZZLE the Shield-Bearer, an amateur GnFi (D:3)
  4 sky beasts
  2 phantoms
  4 ogres
  A necrophage (D:9)
  A centaur (D:6)
  Blork the orc (D:4)
  3 bullfrogs
  15 killer bees
  2 vampire bats (D:5)
  3 wights (D:8)
  4 crimson imps
  2 bullfrog skeletons
  A bullfrog zombie (D:6)
  2 jellies
  3 hounds
  2 orc priests
  2 orc wizards
  Ijyb (D:3)
  Jessica (D:2)
  Natasha (twice) (D:3)
  Terence (D:2)
  7 worker ants
  A hound skeleton (D:7)
  Robin (D:4)
  9 adders
  12 gnolls
  A howler monkey skeleton (D:5)
  A shadow imp (D:9)
  3 oozes
  An adder skeleton (D:4)
  2 worms (D:2)
  4 leopard geckos
  15 orcs
  3 bat skeletons (D:5)
  2 bat zombies (D:5)
  6 giant cockroaches
  14 goblins
  8 hobgoblins
  3 jackals (D:4)
  A quokka (D:4)
  3 ball pythons
  4 bats
  5 frilled lizards
  5 kobolds
  A quokka zombie (D:6)
  5 rats
182 creatures vanquished.

Notes
Turn   | Place    | Note
-------+----------+-------------------------------------------
     0 | D:1      | RUZZLEFAZAZZLE the Gnoll Fighter began the quest for the Orb.
     0 | D:1      | Reached XP level 1. HP: 23/23 MP: 1/1
   296 | D:1      | Reached XP level 2. HP: 29/29 MP: 2/2
   675 | D:1      | Reached XP level 3. HP: 35/35 MP: 3/3
   990 | D:2      | You fall through a shaft for 2 floors!
  1008 | D:3      | Noticed Sigmund
  1015 | D:3      | Killed Sigmund
  1015 | D:3      | Reached skill level 1 in Short Blades
  1015 | D:3      | Reached skill level 1 in Long Blades
  1015 | D:3      | Reached skill level 1 in Maces & Flails
  1015 | D:3      | Reached skill level 1 in Polearms
  1015 | D:3      | Reached skill level 1 in Staves
  1015 | D:3      | Reached skill level 1 in Slings
  1015 | D:3      | Reached skill level 1 in Bows
  1015 | D:3      | Reached skill level 1 in Crossbows
  1015 | D:3      | Reached skill level 1 in Throwing
  1015 | D:3      | Reached skill level 1 in Dodging
  1015 | D:3      | Reached skill level 1 in Stealth
  1015 | D:3      | Reached skill level 1 in Unarmed Combat
  1015 | D:3      | Reached skill level 1 in Spellcasting
  1015 | D:3      | Reached skill level 1 in Conjurations
  1015 | D:3      | Reached skill level 1 in Hexes
  1015 | D:3      | Reached skill level 1 in Charms
  1015 | D:3      | Reached skill level 1 in Summonings
  1015 | D:3      | Reached skill level 1 in Necromancy
  1015 | D:3      | Reached skill level 1 in Translocations
  1015 | D:3      | Reached skill level 1 in Transmutations
  1015 | D:3      | Reached skill level 1 in Fire Magic
  1015 | D:3      | Reached skill level 1 in Ice Magic
  1015 | D:3      | Reached skill level 1 in Air Magic
  1015 | D:3      | Reached skill level 1 in Earth Magic
  1015 | D:3      | Reached skill level 1 in Poison Magic
  1015 | D:3      | Reached skill level 1 in Invocations
  1015 | D:3      | Reached skill level 1 in Evocations
  1015 | D:3      | Reached XP level 4. HP: 41/41 MP: 4/6
  1015 | D:3      | Reached XP level 5. HP: 47/47 MP: 4/7
  1426 | D:2      | Noticed Terence
  1431 | D:2      | Killed Terence
  1431 | D:2      | Reached XP level 6. HP: 53/53 MP: 8/8
  1509 | D:2      | Noticed Jessica
  1513 | D:2      | Killed Jessica
  1798 | D:3      | Noticed RUZZLEFAZAZZLE's ghost (amateur GnFi)
  1815 | D:3      | Reached skill level 5 in Axes
  1823 | D:3      | Gained mutation: You passively map a small area around you. [potion of mutation]
  1823 | D:3      | Gained mutation: Scrolls take you a little longer to read. [potion of mutation]
  1823 | D:3      | Gained mutation: You are resistant to electric shocks. (rElec) [potion of mutation]
  1839 | D:3      | Killed RUZZLEFAZAZZLE's ghost
  2181 | D:3      | Noticed Natasha
  2185 | D:3      | Killed Natasha
  2185 | D:3      | Reached XP level 7. HP: 59/59 MP: 10/10
  2519 | D:3      | Noticed Ijyb
  2525 | D:3      | Killed Ijyb
  2575 | D:3      | Noticed Natasha
  2583 | D:3      | Killed Natasha
  2611 | D:3      | Found a faded altar of an unknown god.
  2672 | D:4      | Noticed Robin
  2685 | D:4      | Killed Robin
  2747 | D:4      | Noticed Blork the orc
  2760 | D:4      | Killed Blork the orc
  2783 | D:4      | Noticed Eustachio
  2816 | D:4      | Killed Eustachio
  2899 | D:4      | Reached XP level 8. HP: 49/67 MP: 12/12
  2997 | D:4      | Found a sparkling altar of Nemelex Xobeh.
  3281 | D:4      | Found a sacrificial altar of Ru.
  3574 | D:5      | Entered Level 5 of the Dungeon
  3594 | D:5      | Found an ancient bone altar of Kikubaaqudgha.
  4489 | D:6      | Found a shadowy altar of Dithmenos.
  4595 | D:6      | Found a stormy altar of Qazlal.
  4597 | D:6      | Noticed a water elemental
  4598 | D:6      | Noticed an air elemental
  4637 | D:6      | Reached XP level 9. HP: 40/72 MP: 14/14
  5930 | D:7      | Noticed a red ugly thing
  6231 | D:7      | Found a staircase to the Ecumenical Temple.
  6243 | Temple   | Entered the Ecumenical Temple
  6251 | Temple   | Became a worshipper of Warmaster Okawaru
  6823 | D:8      | Reached skill level 5 in Invocations
  7005 | D:8      | Reached * piety under Okawaru
  7005 | D:8      | Reached XP level 10. HP: 46/80 MP: 15/17
  7646 | D:8      | Found a white marble altar of Elyvilon.
  8049 | D:9      | Reached skill level 5 in Short Blades
  8049 | D:9      | Reached skill level 5 in Long Blades
  8049 | D:9      | Reached skill level 5 in Maces & Flails
  8049 | D:9      | Reached skill level 5 in Polearms
  8049 | D:9      | Reached skill level 5 in Staves
  8049 | D:9      | Reached skill level 5 in Slings
  8049 | D:9      | Reached skill level 5 in Bows
  8049 | D:9      | Reached skill level 5 in Crossbows
  8049 | D:9      | Reached skill level 5 in Throwing
  8049 | D:9      | Reached skill level 5 in Dodging
  8049 | D:9      | Reached skill level 5 in Stealth
  8049 | D:9      | Reached skill level 5 in Unarmed Combat
  8049 | D:9      | Reached skill level 5 in Spellcasting
  8049 | D:9      | Reached skill level 5 in Evocations
  8057 | D:9      | Reached ** piety under Okawaru
  8436 | D:9      | Found a staircase to the Lair.
  8583 | D:9      | Found a glowing golden altar of the Shining One.
  9163 | D:9      | Noticed Grum
  9176 | D:9      | Killed Grum
  9183 | D:9      | Slain by a wolf

Skill      XL: |  1  2  3  4  5  6  7  8  9 10 |
---------------+-------------------------------+-----
Short Blades   | 1 2 3 4 5 |  5.1
Long Blades    | 1 2 3 4 5 |  5.1
Maces & Flails | 1 2 3 4 5 |  5.1
Polearms       | 1 2 3 4 5 |  5.1
Staves         | 1 2 3 4 5 |  5.1
Slings         | 1 2 3 4 5 |  5.1
Bows           | 1 2 3 4 5 |  5.1
Crossbows      | 1 2 3 4 5 |  5.1
Throwing       | 1 2 3 4 5 |  5.1
Dodging        | 1 2 3 4 5 |  5.1
Stealth        | 1 2 3 4 5 |  5.1
Unarmed Combat | 1 2 3 4 5 |  5.1
Spellcasting   | 1 2 3 4 5 |  5.1
Conjurations   | 1 2 3 4 |  4.2
Hexes          | 1 2 3 4 |  4.2
Charms         | 1 2 3 4 |  4.2
Summonings     | 1 2 3 4 |  4.2
Necromancy     | 1 2 3 4 |  4.2
Translocations | 1 2 3 4 |  4.2
Transmutations | 1 2 3 4 |  4.2
Fire Magic     | 1 2 3 4 |  4.2
Ice Magic      | 1 2 3 4 |  4.2
Air Magic      | 1 2 3 4 |  4.2
Earth Magic    | 1 2 3 4 |  4.2
Poison Magic   | 1 2 3 4 |  4.2
Invocations    | 1 2 3 4 5 |  5.6
Evocations     | 1 2 3 4 5 |  5.1
Axes           | 5 6 |  6.9
Fighting       | 7 8 |  8.4
Armour         | 7 8 |  8.4
Shields        | 7 8 |  8.4

Action                   |  1- 3 |  4- 6 |  7- 9 | 10-12 || total
-------------------------+-------+-------+-------+-------++-------
Melee: War axe           |    62 |    90 |   480 |   151 ||   783
       Bite              |     5 |     9 |    54 |    20 ||    88
Throw: Tomahawk          |       |       |     2 |       ||     2
  Use: Potion            |     1 |     2 |     4 |     3 ||    10
       Scroll            |       |       |    16 |       ||    16
 Stab: Sleeping          |       |     2 |       |       ||     2
  Eat: Chunk             |       |     4 |     8 |     1 ||    13
       Ration            |       |       |     3 |     1 ||     4
Armor: Scale mail        |    30 |     1 |       |       ||    31
       Ring mail         |       |    22 |    49 |       ||    71
       Skin              |       |    11 |    86 |       ||    97
       Plate armour      |       |       |   168 |   114 ||   282
Dodge: Dodged            |    10 |    25 |   143 |    58 ||   236
       Deflected         |       |     2 |     5 |       ||     7
Block: Shield            |    25 |    50 |   316 |   145 ||   536
